Map: Lost and Found LE

Players

WiNdRiVeN - Winner!

  • Race: Zerg Zerg
  • League: Master
  • Spawn Location: 7:00

OFE

  • Race: Zerg Zerg
  • League: Master
  • Spawn Location: 1:00

VOD

Have the link to the VOD?

Description

Time

  • Played on: Sept. 22, 2018, 8:38 a.m.
  • Length: 6:58
Show
View Real Time Build Order
Export as new Build Order

WiNdRiVeN Zerg - Winner!

Build Orders: Pool Only 

Get SALT Encoding   

  12  0:00  Drone  
  13  0:10  Drone  
  14  0:15  Extractor  
  14  0:16  Drone  
  15  0:32  Spawning Pool  
  14  0:39  Overlord  
  14  1:19  Zergling x6  
  17  1:29  Spine Crawler  
  17  1:30  Zergling x2  
  17  1:41  Zergling x2  
  18  1:51  Zergling x2  
  19  2:10  Spine Crawler  
  19  2:11  Spine Crawler  
  17  2:16  Spine Crawler  
  17  2:37  Zergling x2  
  16  3:09  Drone  
  17  3:26  Drone  
  18  3:57  Zergling x4  
  15  4:19  Extractor  
Show
View Real Time Build Order
Export as new Build Order

OFE Zerg 

Build Orders: Hatch First 

Get SALT Encoding   

  12  0:01  Drone  
  13  0:12  Overlord  
  13  0:17  Drone  
  14  0:31  Drone x2  
  16  0:49  Hatchery  
  15  0:52  Drone  
  15  0:56  Drone  
  17  1:07  Extractor  
  16  1:12  Spawning Pool  
  16  1:15  Drone  
  16  1:21  Drone  
  16  1:22  Drone  
  18  1:28  Drone  
  19  1:39  Overlord  
  19  1:59  Queen  
  21  2:02  Queen  
  21  2:03  Zergling x4  
  21  2:06  Zergling x2  
  25  2:11  Zergling x2  
  26  2:18  Zergling x2  
  27  2:28  Zergling x2  
  28  2:34  Zergling x2  
  29  2:43  Zergling x2  
  29  2:44  Zergling x2  
  26  3:12  Zergling x2  
  27  3:13  Hatchery  
  26  3:34  Drone  
  28  4:30  Extractor  
  22  5:03  Drone  
  22  5:04  Drone  
Tags
 
Add a new tag
Caveats
  • Supply blocks, unpowered buildings, or Contaminate may cause inaccurate times.
  • Supply counts are checked every 10 seconds.